 Dungeon Crawl Stone Soup version 0.30-a0-159-g068b764562 (webtiles) character file.

Game seed: 568251969432818063

21669 ravioli the Thaumaturge (level 13, -11/99 HPs)
             Began as a Djinni Earth Elementalist on Sept 28, 2022.
             Was a Believer of Ashenzari.
             Mangled by a boulder beetle (49 damage)
             ... on level 11 of the Dungeon.
             The game lasted 00:55:05 (33659 turns).

ravioli the Thaumaturge (DjEE)                     Turns: 33659, Time: 00:55:07

Health: -11/99     AC:  6    Str:  7    XL:     13   Next: 21%
Gold:   437        EV: 17    Int: 32    God:    Ashenzari [**....] SH:  0 Dex: 19

rFire   + + .      SeeInvis +    f - +4 dagger "Morg" {pain, Will+ Int+5, Self, Evo} (curse)
rCold   x . .      Faith    .    (no shield)
rNeg    . . .      Spirit   .    h - +4 robe of the Sidereal Augur {rPois rCorr MP+9 Int+4, Fort, Cun} (curse)
rPois   ∞          Reflect  .    (no helmet)
rElec   .          Harm     .    (no cloak)
rCorr   +          Rampage  .    (no gloves)
Will    ++...                    (boots unavailable)
Stlth   ++++......               d - amulet of Ashenzari's Absolutism {Acrobat, Self, Cun} (curse)
HPRegen 0.26/turn                o - +6 ring of dexterity
MPRegen 0.00/turn                v - ring of wizardry

@: flying
A: sickness immunity, fire resistance 2, cold vulnerability 1, float, innate
caster, HP casting, extra vitality 1
a: Renounce Religion, Curse Item, Shatter the Chains


You were on level 11 of the Dungeon.
You worshipped Ashenzari.
Ashenzari was pleased with you.
You visited 2 branches of the dungeon, and saw 13 of its levels.

You collected 1197 gold pieces.
You spent 760 gold pieces at shops.

Inventory:

Hand Weapons
 f - the cursed +4 dagger "Morg" (weapon) {pain, Will+ Int+5, Self, Evo}
   (You found it on level 7 of the Dungeon)

   In the hands of one skilled in necromantic magic, it inflicts extra damage on
   living creatures.
   Your inability to study Necromancy prevents you from drawing on the full
   power of this weapon.
   Int:       It affects your intelligence (+5).
   Will:      It increases your willpower.
   It has a curse which improves the following skills: Introspection: Fighting
   and Spellcasting.
   Evocations: Evocations.
Missiles
 B - a throwing net
Armour
 h - the cursed +4 robe of the Sidereal Augur (worn) {rPois rCorr MP+9 Int+4, Fort, Cun}
   (You found it on level 3 of the Dungeon)

   Int:       It affects your intelligence (+4).
   rPois:     It protects you from poison.
   MP:        It affects your magic capacity (+9).
   rCorr:     It protects you from acid and corrosion.
   It has a curse which improves the following skills: Fortitude: Armour and
   Shields.
   Cunning:   Dodging and Stealth.
 n - a +2 leather armour of willpower
 D - +0 steam dragon scales
Jewellery
 d - the cursed amulet of Ashenzari's Absolutism (around neck) {Acrobat, Self, Cun}
   (You found it on level 1 of the Dungeon)

   [amulet of the acrobat]

   It increases your evasion while moving and waiting.
   It has a curse which improves the following skills: Introspection: Fighting
   and Spellcasting.
   Cunning:   Dodging and Stealth.
 o - a +6 ring of dexterity (left hand)
 v - a ring of wizardry (right hand)
 w - a ring of positive energy
 x - a +4 ring of evasion
Wands
 j - a wand of mindburst (1)
 s - a wand of paralysis (11)
 t - a wand of digging (5)
 E - a wand of acid (1)
Scrolls
 g - 2 scrolls of enchant weapon
 i - a scroll of poison
 k - 2 scrolls of enchant armour
 l - 3 scrolls of fear
 q - 2 scrolls of vulnerability
 u - a scroll of silence
 y - 2 scrolls of teleportation
 C - a scroll of brand weapon
Potions
 a - a potion of brilliance
 b - 7 potions of attraction
 c - a potion of might
 e - 2 potions of resistance
 m - a potion of ambrosia
 p - 2 potions of haste
 r - 6 potions of curing
 z - a potion of lignification
 A - a potion of cancellation


   Skills:
 * Level 9.6(11.5) Fighting
 + Level 0.6 Short Blades
 + Level 6.1(8.0) Dodging
 + Level 5.6(7.5) Stealth
 + Level 13.0(14.8) Spellcasting
 + Level 4.2(5.3) Evocations


You had 11 spell levels left.
You knew the following spells:

 Your Spells              Type           Power      Damage    Failure   Level
a - Sandblast             Erth           100%       2d20      0%          1
b - Passwall              Tmut/Erth      72%        N/A       0%          2
c - Stone Arrow           Conj/Erth      100%       3d13      0%          3
d - Petrify               Tmut/Erth      87%        N/A       1%          4
e - Beastly Appendage     Tmut           100%       N/A       0%          1
f - Blink                 Tloc           100%       N/A       0%          2
g - Confusing Touch       Hex            87%        N/A       0%          3
h - Anguish               Hex/Necr       43%        N/A       1%          4
i - Borgnjor's Vile Clut  Necr/Erth      43%        N/A       1%          5
j - Summon Mana Viper     Hex/Summ       87%        N/A       1%          5
Your spell library was empty.

Dungeon Overview and Level Annotations

Branches:
Dungeon (11/15)               Orc (2/2) D:10 Zot: 981     Elf (0/3) Orc:2
 Temple: D:4-7         Lair: D:8-11

Altars:
Ashenzari
Elyvilon

Shops:
D:3 (   D:6 *   D:8 :   D:9 ?   Orc:1 ?   Orc:2 [*=(


Innate Abilities, Weirdness & Mutations

You are immune to sickness and miasma.
You are immune to poison.
Your flesh is very heat resistant. (rF++)
You are vulnerable to cold. (rC-)
You float through the air rather than walking.
You learn spells naturally, not from books.
Your magical power is your life essence.
You have superior vitality. (+4 MHP)


Message History

Aim: a boulder beetle (moderately wounded, 100% to hit)
Zombie hands grab the boulder beetle.
The zombie hands constrict the boulder beetle, but do no damage.
The boulder beetle closely misses you.
The zombie hands constrict the boulder beetle.
The boulder beetle bites you!!
The zombie hands constrict the boulder beetle, but do no damage.
The boulder beetle struggles to escape constriction.
The zombie hands constrict the boulder beetle!
The boulder beetle curls into a ball and begins rolling!
You are too injured to fight recklessly!
You are too injured to fight recklessly!
Unknown command.
Casting: Borgnjor's Vile Clutch (safe; 1% risk of failure)
Confirm with . or Enter, or press ? or * to list all spells.
Aiming: Stone Arrow (safe; 0% risk of failure)
Press: ? - help, Shift-Dir - straight line, f/p - boulder beetle
Aim: a boulder beetle (moderately wounded, rolling, constricted by zombie hands, 100% to hit)
The stone arrow hits the boulder beetle!
The boulder beetle is heavily wounded.
The zombie hands constrict the boulder beetle, but do no damage.
The boulder beetle struggles to escape constriction.
Casting: Stone Arrow (safe; 0% risk of failure)
Confirm with . or Enter, or press ? or * to list all spells.
Aiming: Stone Arrow (safe; 0% risk of failure)
Press: ? - help, Shift-Dir - straight line, f/p - boulder beetle
Aim: a boulder beetle (sparse dust, heavily wounded, rolling, constricted by zombie hands, 100% to hit)
The stone arrow hits the boulder beetle.
The boulder beetle is heavily wounded.
The zombie hands constrict the boulder beetle!
The boulder beetle escapes!
Casting: Stone Arrow (safe; 0% risk of failure)
Confirm with . or Enter, or press ? or * to list all spells.
Aiming: Borgnjor's Vile Clutch (safe; 1% risk of failure)
Press: ? - help, Shift-Dir - straight line, f/p - boulder beetle
Aim: a boulder beetle (severely wounded, rolling, 100% to hit)
Zombie hands grab the boulder beetle.
The zombie hands constrict the boulder beetle, but do no damage.
The boulder beetle hits you!!!
You die...

* * *, * , ,',#.# *
* * * * * # #.. , ,
, * ,, # #.#.# * *
** +## #'###.#.. ,
,,,, ... ,c.).#.#
**### * ...,
#..(.#####.#######
... ,
#...#.°B@........ ,
...,
##...#°###.#######
... * #....).# #.# *
* * ... #......#
#.#, , ,, ...
#......# #.# * * *
~~. ####.#.# #.#, *
* ~~ #.#.# #.#, , ,
#.#.###.############
#.#.#..............#


You could see a boulder beetle (rolling, clutched).

Vanquished Creatures
  2 orc warlords
  A boulder beetle (D:11)
  An orc high priest (Orc:2)
  Nergalle (Orc:1)
  6 orc knights
  4 orc sorcerers
  2 cyclopes
  Joseph (D:9)
  3 komodo dragons
  An efreet (D:11)
  7 trolls
  A hornet (D:10)
  Sigmund (D:6)
  A wraith (D:7)
  A shadow (D:11)
  A wyvern (D:7)
  4 yaks (D:7)
  2 steam dragons
  4 wargs
  2 vampire mosquitoes (D:11)
  2 acid dragons
  4 ice beasts
  30 orc warriors
  3 sky beasts
  2 black bears
  4 centaurs
  9 ogres
  A phantom (D:6)
  3 kobold brigands
  4 bullfrogs
  2 scorpions
  3 necrophages
  A gnoll sergeant (D:9)
  12 wights
  4 killer bees
  3 howler monkeys
  A jelly (D:6)
  A centaur skeleton (D:7)
  5 hounds
  9 orc priests
  4 gnoll boudas
  Ijyb (D:4)
  Terence (D:2)
  7 iguanas
  Natasha (thrice) (D:4)
  25 orc wizards
  A spectral killer bee (D:7)
  A centaur simulacrum (D:7)
  Robin (D:2)
  A howler monkey zombie (D:7)
  5 adders
  18 gnolls
  2 shadow imps
  2 white imps (D:5)
  4 worms
  46 orcs
  5 bats
  3 endoplasms
  3 giant cockroaches
  14 goblins
  11 hobgoblins
  13 jackals
  4 quokkas
  7 ball pythons
  5 frilled lizards
  19 kobolds
  5 rats
360 creatures vanquished.

Vanquished Creatures (others)
  2 orcs (Orc:1)
  A fungus (D:1)
  5 plants (D:2)
  21 withered plants (D:7)
29 creatures vanquished.

Grand Total: 389 creatures vanquished

Notes
Turn   | Place    | Note
-------+----------+-------------------------------------------
     0 | D:1      | ravioli the Djinni Earth Elementalist began the quest for
                  | the Orb.
     0 | D:1      | ravioli set off with the following spells memorised:
                  | Sandblast, Passwall, Stone Arrow, Petrify.
     0 | D:1      | Reached XP level 1. HP: 15/15 MP: 0/0
    86 | D:1      | Reached XP level 2. HP: 13/21 MP: 0/0
   556 | D:1      | Reached skill level 3 in Spellcasting
   556 | D:1      | Reached XP level 3. HP: 17/26 MP: 0/0
   556 | D:1      | Learned a level 1 spell: Beastly Appendage
  1201 | D:1      | Reached skill level 1 in Fighting
  1735 | D:2      | Reached XP level 4. HP: 30/32 MP: 0/0
  2364 | D:2      | Noticed Terence
  2368 | D:2      | Killed Terence
  2371 | D:2      | Reached XP level 5. HP: 30/37 MP: 0/0
  2371 | D:2      | Learned a level 2 spell: Blink
  2816 | D:2      | Noticed Robin
  2819 | D:2      | Killed Robin
  3122 | D:2      | Found a faded altar of an unknown god.
  3129 | D:2      | Prayed at the altar of an unknown god.
  3129 | D:2      | Became a worshipper of Ashenzari the Shackled
  3427 | D:3      | Found Iqoxosi's Antique Weapon Shop.
  3481 | D:3      | Identified the +4 robe of Goneyr Totwo {rPois rCorr MP+9
                  | Int+4}
  4150 | D:4      | Noticed a black bear
  4155 | D:4      | Killed a black bear
  4156 | D:4      | Reached skill level 4 in Spellcasting
  4156 | D:4      | Reached XP level 6. HP: 42/43 MP: 0/0
  4318 | D:4      | Noticed Ijyb
  4321 | D:4      | Killed Ijyb
  4736 | D:4      | Noticed Natasha
  4739 | D:4      | Killed Natasha
  4882 | D:5      | Entered Level 5 of the Dungeon
  4900 | D:4      | Reached XP level 7. HP: 32/49 MP: 0/0
  4900 | D:4      | Learned a level 3 spell: Confusing Touch
  5287 | D:5      | Reached skill level 5 in Spellcasting
  6453 | D:5      | Reached XP level 8. HP: 54/56 MP: 0/0
  7106 | D:5      | Reached skill level 6 in Spellcasting
  7269 | D:6      | Found Raokkyfrew's Wicked Wares.
  7733 | D:6      | Reached XP level 9. HP: 59/63 MP: 0/0
  7733 | D:6      | Learned a level 4 spell: Anguish
  7738 | D:6      | Reached skill level 7 in Spellcasting
  7757 | D:6      | Noticed Sigmund
  8828 | D:6      | Killed Sigmund
  9047 | D:7      | Reached skill level 1 in Evocations
  9113 | D:7      | Reached skill level 5 in Fighting
  9467 | D:7      | Reached skill level 8 in Spellcasting
  9959 | D:7      | Found the +4 dagger "Morg" {pain, Will+ Int+5}
 10173 | D:7      | Reached XP level 10. HP: 69/71 MP: 0/0
 11069 | D:7      | Reached skill level 9 in Spellcasting
 11578 | D:8      | Found Fozacysh's Book Shop.
 11655 | D:8      | Found a white marble altar of Elyvilon.
 11824 | D:8      | Reached * piety under Ashenzari
 12935 | D:4      | Noticed Natasha
 12938 | D:4      | Killed Natasha
 12958 | D:4      | Noticed Natasha
 12959 | D:4      | Killed Natasha
 13717 | D:9      | Noticed Joseph
 13723 | D:9      | Killed Joseph
 14017 | D:9      | Reached ** piety under Ashenzari
 14170 | D:9      | Reached XP level 11. HP: 31/82 MP: 0/0
 14170 | D:9      | Learned a level 5 spell: Borgnjor's Vile Clutch
 14506 | D:9      | Found Cydur's Magic Scroll Shop.
 14516 | D:9      | Bought a scroll of teleportation for 39 gold pieces
 14516 | D:9      | Bought a scroll of teleportation for 39 gold pieces
 14516 | D:9      | Bought a scroll of fear for 52 gold pieces
 15105 | D:10     | Entered Level 10 of the Dungeon
 15266 | D:10     | Reached skill level 10 in Spellcasting
 16061 | D:10     | Identified the +1 ring mail "Fisifeam" {Int+2}
 16509 | D:10     | Found Xastruodi's General Store.
 16770 | D:10     | Found a staircase to the Orcish Mines.
 17897 | D:11     | Identified the +6 short sword of Inna {elec, rCorr Stlth+}
 17908 | D:11     | Noticed a tengu warrior
 17916 | D:11     | Noticed a centaur warrior
 17916 | D:11     | Noticed an entropy weaver
 18138 | Orc:1    | Entered Level 1 of the Orcish Mines
 18138 | Orc:1    | Found Zejoucoeco's Magic Scroll Boutique.
 18385 | Orc:1    | Noticed an orc warlord
 18541 | D:10     | Killed an orc warlord
 18542 | D:10     | Reached skill level 5 in Stealth
 19457 | D:10     | Reached skill level 11 in Spellcasting
 19624 | Orc:1    | Noticed an orc sorcerer
 20460 | D:10     | Reached skill level 5 in Dodging
 20624 | Orc:1    | Noticed an orc sorcerer
 20803 | Orc:1    | Killed an orc sorcerer
 20809 | Orc:1    | Killed an orc sorcerer
 21225 | Orc:1    | Bought a scroll of magic mapping for 120 gold pieces
 21246 | Orc:1    | Noticed an orc knight
 22303 | Orc:1    | Killed an orc knight
 22304 | Orc:1    | Reached XP level 12. HP: 30/91 MP: 0/0
 23025 | Orc:2    | Entered Level 2 of the Orcish Mines
 27439 | Orc:2    | Noticed an orc high priest
 27445 | Orc:2    | Killed an orc high priest
 27446 | Orc:2    | Reached skill level 12 in Spellcasting
 27537 | Orc:2    | Noticed Nergalle
 28026 | Orc:1    | Killed Nergalle
 30274 | Orc:2    | Noticed an orc warlord
 31028 | Orc:2    | Killed an orc warlord
 31451 | Orc:2    | Reached XP level 13. HP: 93/99 MP: 0/0
 31451 | Orc:2    | Learned a level 5 spell: Summon Mana Viper
 32014 | Orc:2    | Found Lootiup's Antique Armour Emporium.
 32038 | Orc:2    | Found Tisauzuah's Jewellery Emporium.
 32077 | Orc:2    | Found Uneahuqe's General Store.
 32378 | Orc:2    | Found a staircase to the Elven Halls.
 32450 | Orc:2    | Found Toampao's Antique Weapon Emporium.
 32566 | Orc:2    | Bought a ring of wizardry for 510 gold pieces
 33148 | Orc:2    | Glimpsed the power of Zot.
 33513 | D:11     | Reached skill level 13 in Spellcasting
 33659 | D:11     | Mangled by a boulder beetle

Illustrated notes

Levels and vault maps discovered:
D:1:      minmay_arrival_plants_in_alcoves, layout_loops_ring,
          dreamdust_mushroom_princess
D:2:      cheibrodos_old_hovel, layout_basic,
          shapermc_ecumenical_altar_notcrosses, minmay_door_square,
          minmay_pentomino_r4, uniq_robin, uniq_terence
D:3:      layout_loops_ring, serial_shops, nicolae_lakefront_shop,
          kennysheep_another_room, nicolae_concentric_dashed_squares_mild
D:4:      layout_basic, minitemple, minmay_temple_entry_statues_fountains,
          uniq_natasha, uniq_ijyb
D:5:      layout_cave_pools, kennysheep_opposing_triangles
D:6:      layout_rooms, nicolae_evil_shop, uniq_sigmund
D:7:      layout_loops_cross, dilly_guarded_unrand_morg
D:8:      layout_loops_ring, mainiacjoe_overflow_brackets, serial_shops,
          shop_fountains, roderic_serpentine_path
D:9:      layout_long_grid, serial_shops, shop_statue, enter_bailey_2,
          uniq_joseph
D:10:     nicolae_cairo_tiling, layout_stronghold, orc_0_dummy, serial_shops,
          nicolae_shop_trees, grunt_ministairs_3
D:11:     minmay_the_grid_square_5x5_4x4_mashed
          [minmay_the_grid_square_5x5_two_walls_b, minmay_the_grid_square_5x5_v,
          minmay_the_grid_square_5x5_fancy_junction,
          minmay_the_grid_square_5x5_bite, minmay_the_grid_square_5x5_longway,
          minmay_the_grid_square_5x5_prize_rear_guard,
          minmay_the_grid_square_5x5_prize_snowflake,
          minmay_the_grid_square_5x5_three_walls,
          minmay_the_grid_square_5x5_broken_cross,
          minmay_the_grid_square_5x5_prize_junk,
          minmay_the_grid_square_5x5_prize_pseudospiral,
          minmay_the_grid_square_5x5_bracketed,
          minmay_the_grid_square_5x5_hollow_slash,
          minmay_the_grid_square_5x5_minivault,
          minmay_the_grid_square_5x5_misaligned,
          minmay_the_grid_square_5x5_three_small], layout_basic,
          lair_entry_dummy
Orc:1:    layout_caves, basic_altar, serial_shops,
          nicolae_shop_competitors_out_of_business
Orc:2:    grunt_orc_cross, layout_caves, mines4_lemuel

Skill      XL: |  1  2  3  4  5  6  7  8  9 10 11 12 13 |
---------------+----------------------------------------+-----
Spellcasting   | 3 4 5 6 8 9 11 12 13 | 13.0
Fighting       | 1 2 3 4 5 7 8 9 |  9.6
Stealth        | 2 3 4 5 |  5.6
Dodging        | 3 4 5 6 |  6.1
Evocations     | 1 2 4 |  4.2
Short Blades   | |  0.6

Action                   |  1- 3 |  4- 6 |  7- 9 | 10-12 | 13-15 || total
-------------------------+-------+-------+-------+-------+-------++-------
Melee: Unarmed           |       |       |     3 |       |       ||     3
       Dagger            |       |       |       |     5 |       ||     5
       Punch             |       |       |       |     1 |       ||     1
 Cast: Sandblast         |    49 |    75 |   107 |     8 |     5 ||   244
       Stone Arrow       |       |     5 |    14 |   356 |    59 ||   434
       Confusing Touch   |       |       |     1 |       |       ||     1
       Blink             |       |       |     1 |     7 |     3 ||    11
       Borgnjor's Vile C |       |       |       |     5 |     4 ||     9
       Anguish           |       |       |       |     1 |       ||     1
Invok: Curse Item        |       |       |       |     3 |       ||     3
Evoke: Wand              |       |     2 |    12 |    29 |       ||    43
  Use: Scroll            |       |       |     7 |     5 |       ||    12
       Potion            |       |       |     1 |     3 |       ||     4
 Stab: Sleeping          |       |       |       |     1 |       ||     1
Armor: Robe              |     9 |    16 |    12 |    22 |    11 ||    70
Dodge: Dodged            |    12 |    28 |    37 |   190 |    53 ||   320

Table legend: (Time is in decaauts)
 A = Elapsed time spent in this place.
 B = Non-inter-level travel time spent in this place.
 C = Inter-level travel time spent in this place.
 D = Time resting spent in this place.
 E = Time spent auto-exploring this place.
 F = Levels seen in this place.
 G = Mean time per level.
                   A        B        C        D        E       F      G
               +--------+--------+--------+--------+--------+-----+--------+
         Total |  33819 |  32944 |    875 |  24180 |   5782 |  13 | 2601.5 |
       Dungeon |  22800 |  21993 |    807 |  14654 |   5327 |  11 | 2072.7 |
  Orcish Mines |  11018 |  10950 |     68 |   9526 |    455 |   2 | 5509.0 |
               +--------+--------+--------+--------+--------+-----+--------+

Top non-repeatable levels by time:
    D:10: 7062 daAuts
   Orc:1: 6025 daAuts
   Orc:2: 4993 daAuts
     D:5: 2444 daAuts
     D:7: 2223 daAuts
     D:9: 1985 daAuts
     D:6: 1814 daAuts
     D:2: 1757 daAuts
     D:1: 1703 daAuts
     D:4: 1482 daAuts
     D:8: 934 daAuts
     D:3: 895 daAuts
    D:11: 497 daAuts
